 Dungeon Crawl Stone Soup version 0.28-a0-1182-g381e24db82 (webtiles) character file.

Game seed: 16426985287064469792

578 mainiacjoe the Covert (level 7, -1/43 HPs)
             Began as an Octopode Wanderer on Dec 16, 2021.
             Was a Follower of Vehumet.
             Slain by a centaur zombie (4 damage)
             ... in an ossuary.
             The game lasted 00:11:27 (4992 turns).

mainiacjoe the Covert (Octopode Wanderer)           Turns: 4992, Time: 00:11:28

Health: -1/43      AC:  3    Str: 11    XL:     7   Next: 36%
Magic:  3/8        EV: 15    Int: 17    God:    Vehumet [*.....]
Gold:   150        SH:  0    Dex: 17    Spells: 7/8 levels left

rFire   . . .      SeeInvis .   a - +0 hand axe
rCold   . . .      Faith    .   (no shield)
rNeg    . . .      Spirit   .   b - +2 hat
rPois   .          Reflect  .   (no amulet)
rElec   .          Harm     .   n - +6 ring of intelligence
rCorr   .          Rampage  .   (no ring)
Will    .....                   (no ring)
Stlth   +++++.....              (no ring)
HPRegen 0.14/turn               (no ring)
MPRegen 0.11/turn               (no ring)
                                (no ring)
                                (no ring)

@: brilliant
A: almost no armour, amphibious, 8 rings, camouflage 1, gelatinous body 1,
(nimble swimmer 1), tentacles
a: Renounce Religion


You were in an ossuary.
You worshipped Vehumet.
Vehumet was aware of your devotion.
You visited 1 branch of the dungeon, and saw 4 of its levels.
You also visited: Ossuary.

You collected 150 gold pieces.

Inventory:

Hand Weapons
 a - a +0 hand axe (weapon)
Missiles
 g - 26 bolts
 i - 19 stones (quivered)
 p - 22 arrows
 r - a throwing net {=F}
 u - 21 sling bullets
 v - 12 poisoned darts
Armour
 b - a +2 hat (worn)
Jewellery
 n - a +6 ring of intelligence (left tentacle)
Wands
 t - a wand of flame (18)
Scrolls
 c - a scroll of vulnerability
 d - 2 scrolls of teleportation
 e - a scroll of enchant armour {unknown}
 j - a scroll of noise {unknown}
 l - 2 scrolls of identify
 o - a scroll of fear {unknown}
Potions
 f - a potion of magic
 h - a potion of ambrosia
 k - 2 potions of attraction {unknown}
 m - a potion of curing {unknown}
 q - a potion of degeneration {unknown}
 s - a potion of heal wounds {unknown}
 w - 2 potions of berserk rage {unknown}
 x - 2 potions of invisibility {unknown}
 z - 2 potions of flight {unknown}
 A - 2 potions of brilliance


   Skills:
 - Level 1.0 Fighting
 - Level 4.0 Axes
 - Level 4.0 Dodging
 + Level 9.8 Stealth
 + Level 1.2 Spellcasting
 + Level 1.4 Conjurations
 + Level 1.4 Fire Magic
 - Level 1.1 Evocations


You had 7 spell levels left.
You knew the following spells:

 Your Spells              Type           Power      Damage    Failure   Level
a - Foxfire               Conj/Fire      32%        2x1d5     12%         1

Your spell library contained the following spells:

 Spells                   Type           Power      Damage    Failure   Level
 Frozen Ramparts          Ice            2%         1d2       54%         3
 Ice Form                 Ice/Tmut       1%         N/A       91%         4
 Summon Ice Beast         Ice/Summ       1%         N/A       91%         4


Dungeon Overview and Level Annotations

Branches:
Dungeon (4/15)            Ossuary (1/1)
 Temple: D:4-7

Altars:
Cheibriados
Ru
Vehumet


Innate Abilities, Weirdness & Mutations

You cannot wear most types of armour.
You are amphibious.
You can wear up to eight rings at the same time.
Your skin changes colour to match your surroundings (Stealth+).
Your rubbery body absorbs attacks. (AC +1, EV +1)
((You are camouflaged near water. (Stealth+)))
You have tentacles for arms and can constrict up to eight enemies at once.


Message History

The foxfire hits the elf zombie.
The elf zombie is moderately damaged.
The centaur zombie hits you.
* * * LOW HITPOINT WARNING * * *
The centaur zombie kicks you but does no damage.
Casting: Foxfire (safe; 12% risk of failure)
Confirm with . or Enter, or press ? or * to list all spells.
You feel a surge of power!
You conjure some foxfire!
The centaur zombie closely misses you. x2; The centaur zombie hits you.
* * * LOW HITPOINT WARNING * * *
The centaur zombie closely misses you.
The foxfire hits the elf zombie but does no damage.
The elf zombie is moderately damaged.
The foxfire hits the elf zombie.
The elf zombie is moderately damaged.
The centaur zombie closely misses you. The centaur zombie barely misses you.
Casting: Foxfire (safe; 12% risk of failure)
Confirm with . or Enter, or press ? or * to list all spells.
You feel a surge of power!
You conjure some foxfire!
The centaur zombie closely misses you. The centaur zombie barely misses you.
The foxfire hits the elf zombie but does no damage.
The elf zombie is moderately damaged.
Your foxfire dissipates!
The centaur zombie hits you but does no damage.
The centaur zombie closely misses you.
Casting: Foxfire (safe; 12% risk of failure)
Confirm with . or Enter, or press ? or * to list all spells.
You feel a surge of power!
You miscast Foxfire.
You are very lightly contaminated with residual magic.
Nothing appears to happen.
The centaur zombie misses you.
The centaur zombie kicks you but does no damage.
The centaur zombie barely misses you. The centaur zombie kicks you.
* * * LOW HITPOINT WARNING * * *
The centaur zombie hits you.
* * * LOW HITPOINT WARNING * * *
The centaur zombie closely misses you.
Your magical contamination has completely faded away.
The centaur zombie hits you.
You die...

######################
#....................#
#....................#
#........8..8........#
#....Z...Z.Z@..(.....#
#...######..######...#
#...#....#^.#....#...#
#...#.#..#..#..#.#...#
#...#.####..####.#...#
#..Z#............#...#
#...#.......####.#...#
#...#.......#..#.#Z..#
#...#.......#....#...#


You could see an elf zombie, a centaur zombie and a human zombie.

Vanquished Creatures
  Sigmund (D:3)
  An elf zombie (Ossuary)
  A human zombie (Ossuary)
  2 centaur zombies (Ossuary)
  Ijyb (D:3)
  2 mummies (Ossuary)
  7 gnolls
  5 adders
  An adder zombie (Ossuary)
  A worm (D:2)
  2 dart slugs (D:2)
  3 ball pythons
  6 bats
  3 endoplasms
  13 giant cockroaches
  4 goblins
  4 hobgoblins
  3 jackals (D:3)
  3 quokkas
  2 frilled lizards
  11 hobgoblin zombies (Ossuary)
  2 jackal zombies (Ossuary)
  5 kobolds
  7 kobold zombies (Ossuary)
  8 orc zombies (Ossuary)
  A rat zombie (Ossuary)
99 creatures vanquished.

Vanquished Creatures (others)
  102 foxfires (Ossuary)
102 creatures vanquished.

Grand Total: 201 creatures vanquished

Notes
Turn   | Place    | Note
-------+----------+-------------------------------------------
     0 | D:1      | mainiacjoe the Octopode Wanderer began the quest for the
                  | Orb.
     0 | D:1      | mainiacjoe set off with the following items: a +0 hand axe,
                  | a +2 hat, a scroll of vulnerability
     0 | D:1      | Reached XP level 1. HP: 13/13 MP: 1/1
    82 | D:1      | Reached skill level 1 in Stealth
   245 | D:1      | Reached skill level 2 in Stealth
   265 | D:1      | Reached XP level 2. HP: 18/18 MP: 2/2
   704 | D:2      | Reached skill level 3 in Stealth
   710 | D:2      | Found a radiant altar of Vehumet.
   719 | D:2      | Found a faded altar of an unknown god.
   738 | D:2      | Reached XP level 3. HP: 15/23 MP: 3/3
   861 | D:2      | Reached skill level 4 in Stealth
  1285 | D:2      | Reached skill level 5 in Stealth
  1500 | D:2      | Reached XP level 4. HP: 28/28 MP: 4/4
  1799 | D:2      | Reached skill level 6 in Stealth
  1808 | D:2      | Reached XP level 5. HP: 13/33 MP: 5/5
  1812 | D:2      | Became a worshipper of Vehumet
  2135 | D:3      | Noticed Sigmund
  2154 | D:3      | Killed Sigmund
  2155 | D:3      | Reached skill level 8 in Stealth
  2155 | D:3      | Reached XP level 6. HP: 6/38 MP: 6/6
  2590 | D:3      | Reached skill level 9 in Stealth
  3038 | D:3      | Found a sacrificial altar of Ru.
  3132 | D:3      | Noticed Ijyb
  3150 | D:3      | Killed Ijyb
  3334 | D:3      | Found a snail-covered altar of Cheibriados.
  3662 | D:4      | Found a sand-covered staircase.
  3673 | Ossuary  | Entered an ossuary
  3741 | Ossuary  | Reached * piety under Vehumet
  3741 | Ossuary  | Offered knowledge of Foxfire by Vehumet.
  3760 | Ossuary  | Learned a level 1 spell: Foxfire
  4426 | Ossuary  | Reached XP level 7. HP: 33/43 MP: 0/7
  4536 | Ossuary  | Reached skill level 1 in Spellcasting
  4536 | Ossuary  | Reached skill level 1 in Conjurations
  4536 | Ossuary  | Reached skill level 1 in Fire Magic
  4992 | Ossuary  | Slain by a centaur zombie

Illustrated notes

Levels and vault maps discovered:
D:1:      eino_arrival_druids_welcome, layout_basic
D:2:      layout_basic, basic_altar, nicolae_ecumenical_lake_church, st_stairs_3
D:3:      minmay_roachtagon, layout_loops_corners,
          nicolae_overflow_crystal_walls, general_overflow_altar,
          hangedman_decor_points, uniq_ijyb, uniq_sigmund
D:4:      layout_layer_cave, lightli_ossuary_entry_decrepit_ruins
Ossuary:  ossuary_tomb_1

Skill      XL: |  1  2  3  4  5  6  7 |
---------------+----------------------+-----
Stealth        | 2 3 5 6 8 9 |  9.8
Spellcasting   | 1 |  1.2
Conjurations   | 1 |  1.4
Fire Magic     | 1 |  1.4
Fighting       | |  1.0
Axes           | |  4.0
Dodging        | |  4.0
Evocations     | |  1.1

Action                   |  1- 3 |  4- 6 |  7- 9 || total
-------------------------+-------+-------+-------++-------
Melee: Hand axe          |    44 |   138 |    12 ||   194
       Constrict         |    12 |    41 |     1 ||    54
       Tentacles         |     7 |    40 |     2 ||    49
Throw: Stone             |    49 |   179 |     7 ||   235
 Cast: Foxfire           |       |    36 |    22 ||    58
  Use: Scroll            |       |     3 |       ||     3
       Potion            |       |       |     1 ||     1
 Stab: Sleeping          |     5 |       |       ||     5
Armor: Skin              |     7 |    20 |    51 ||    78
Dodge: Dodged            |    26 |    92 |   120 ||   238

Table legend: (Time is in decaauts)
 A = Elapsed time spent in this place.
 B = Non-inter-level travel time spent in this place.
 C = Inter-level travel time spent in this place.
 D = Time resting spent in this place.
 E = Time spent auto-exploring this place.
 F = Levels seen in this place.
 G = Mean time per level.
                   A        B        C        D        E       F      G
               +--------+--------+--------+--------+--------+-----+--------+
         Total |   5036 |   4894 |    142 |    555 |   2890 |   5 | 1007.2 |
       Dungeon |   3702 |   3560 |    142 |    512 |   2513 |   4 |  925.5 |
       Ossuary |   1333 |   1333 |      0 |     43 |    377 |   1 | 1333.0 |
               +--------+--------+--------+--------+--------+-----+--------+

Top non-repeatable levels by time:
     D:3: 1641 daAuts
 Ossuary: 1333 daAuts
     D:2: 1240 daAuts
     D:1: 806 daAuts
     D:4: 13 daAuts
